 Dungeon Crawl Stone Soup version 0.26-a0-540-g8a0c9464d7 (webtiles) character file.

Game seed: 5694976764939574687

13930 pk666 the Thaumaturge (level 11, -3/54 HPs)
             Began as a Deep Elf Hedge Wizard on Aug 15, 2020.
             Was a Believer of Vehumet.
             Slain by a four-headed hydra (11 damage)
             ... on level 2 of the Lair of Beasts.
             The game lasted 00:40:34 (18396 turns).

pk666 the Thaumaturge (Deep Elf Hedge Wizard)      Turns: 18396, Time: 00:40:35

Health: -3/54      AC:  9    Str: 14    XL:     11   Next: 82%
Magic:  25/39      EV: 19    Int: 29    God:    Vehumet [**....]
Gold:   501        SH:  0    Dex: 14    Spells: 25/36 levels left

rFire    + . .     SeeInvis .   J - +12 flail of Inflation {vorpal, MP+9 Str+5}
rCold    . . .     Faith    .   (no shield)
rNeg     + . .     Spirit   .   t - +2 robe "Keagul Aliwn" {+Fly Str+2 Slay+4}
rPois    .         Reflect  .   c - +0 hat
rElec    .         Harm     .   u - +0 cloak of Qazlal's Condemnation {rN+ rCorr Int+6}
rCorr    +                      (no gloves)
MR       +....                  (no boots)
Stlth    ++........             (no amulet)
HPRegen  0.18/turn              r - +4 ring of protection
MPRegen  0.26/turn              D - ring of protection from fire

@: no status effects
A: no striking features
a: Renounce Religion, Evoke Flight


You were on level 2 of the Lair of Beasts.
You worshipped Vehumet.
Vehumet was pleased with you.
You visited 3 branches of the dungeon, and saw 14 of its levels.

You collected 627 gold pieces.
You spent 126 gold pieces at shops.

Inventory:

Hand Weapons
 J - the +12 flail of Inflation (weapon) {vorpal, MP+9 Str+5}
   (You found it on level 10 of the Dungeon)

   It inflicts extra damage upon your enemies.
   It affects your strength (+5).
   It affects your magic capacity (+9).
Missiles
 b - 7 silver javelins (quivered)
Armour
 c - a +0 hat (worn)
 t - the +2 robe "Keagul Aliwn" (worn) {+Fly Str+2 Slay+4}
   (You found it on level 5 of the Dungeon)

   It affects your strength (+2).
   It affects your accuracy and damage with ranged weapons and melee attacks
   (+4).
   It lets you fly.
 u - the +0 cloak of Qazlal's Condemnation (worn) {rN+ rCorr Int+6}
   (You found it on level 6 of the Dungeon)

   It affects your intelligence (+6).
   It protects you from negative energy.
   It provides partial protection from all sources of acid and corrosion.
Magical Staves
 I - an uncursed staff of poison
Jewellery
 q - an uncursed ring of ice
 r - a +4 ring of protection (left hand)
 D - a ring of protection from fire (right hand)
 K - an uncursed amulet of faith {unknown}
Wands
 p - a wand of iceblast (12)
 y - a wand of digging (16)
 A - a wand of polymorph (9)
 H - a wand of flame (1)
Scrolls
 a - 3 scrolls of enchant armour {unknown}
 d - a scroll of amnesia
 j - a scroll of fear {unknown}
 k - 6 scrolls of teleportation
 m - 9 scrolls of identify
 v - 2 scrolls of enchant weapon
 w - a scroll of remove curse
 z - a scroll of summoning {unknown}
 B - a scroll of noise {unknown}
 F - 2 scrolls of immolation {unknown}
Potions
 e - 3 potions of brilliance {unknown}
 f - 6 potions of lignification {unknown}
 g - 8 potions of curing
 h - 4 potions of might {unknown}
 i - a potion of heal wounds
 l - 3 potions of flight {unknown}
 n - 4 potions of haste
 o - 2 potions of invisibility {unknown}
 s - a potion of mutation {unknown}
 x - a potion of berserk rage {unknown}
 C - a potion of cancellation {unknown}
 E - a potion of stabbing {unknown}
 G - a potion of ambrosia {unknown}


   Skills:
 + Level 10.8 Dodging
 - Level 2.4 Stealth
 + Level 13.0 Spellcasting
 + Level 10.6 Conjurations
 - Level 2.0 Summonings
 - Level 2.0 Translocations
 + Level 10.3 Fire Magic
 - Level 2.0 Air Magic
 - Level 2.0 Poison Magic


You had 25 spell levels left.
You knew the following spells:

 Your Spells              Type           Power        Failure   Level
a - Magic Dart            Conj           ####         1%          1
b - Blink                 Tloc           N/A          1%          2
c - Conjure Flame         Conj/Fire      ######..     1%          3
d - Mephitic Cloud        Conj/Pois/Air  #####...     1%          3
e - Call Imp              Summ           ####....     1%          2

Your spell library contained the following spells:

 Spells                   Type           Power        Failure   Level
 Sandblast                Erth           ###...       2%          1
 Dazzling Flash           Conj/Hex       #####.       1%          3
 Beastly Appendage        Tmut           ###...       2%          1
 Corona                   Hex            ###....      2%          1
 Ensorcelled Hibernation  Hex/Ice        ###...       4%          2
 Slow                     Hex            ###.....     4%          2
 Wereblood                Tmut           ###.....     4%          2
 Spider Form              Tmut/Pois      ###.......   5%          3
 Confusing Touch          Hex            ###.....     9%          3
 Tukima's Dance           Hex            ###.....     9%          3
 Ice Form                 Ice/Tmut       ###.....     26%         4
 Blade Hands              Tmut           ###.......   58%         5


Dungeon Overview and Level Annotations

Branches:
Dungeon (11/15)            Temple (1/1) D:6            Lair (2/6) D:8
  Swamp: Lair:2-4    Shoals: Lair:2-4     Snake: Lair:2-4    Spider: Lair:2-4
    Orc: D:9-12

Altars:
Ashenzari
Cheibriados
Dithmenos
Elyvilon
Fedhas
Gozag
Hepliaklqana
Kikubaaqudgha
Makhleb
Nemelex Xobeh
Okawaru
Qazlal
Ru
Sif Muna
Trog
Uskayaw
Vehumet
Wu Jian
Xom
Yredelemnul
Zin
The Shining One

Shops:
D:4 !   D:6 [

Annotations:
D:4 2 transporters, aaksess's ghost, amateur DsWn


Message History

The magic dart hits the four-headed hydra.
The four-headed hydra is severely wounded.
Casting: Magic Dart (safe; 1% risk of failure)
Confirm with . or Enter, or press ? or * to list all spells.
Aiming: Magic Dart (safe; 1% risk of failure)
Press: ? - help, Shift-Dir - straight line, f/p - four-headed hydra
Aim: a four-headed hydra (severely wounded)
The magic dart hits the four-headed hydra.
The four-headed hydra is severely wounded.
The four-headed hydra bites you!
The four-headed hydra completely misses you.
The four-headed hydra closely misses you.
The four-headed hydra bites you but does no damage.
The four-headed hydra bites you!
* * * LOW HITPOINT WARNING * * *
The four-headed hydra completely misses you.
The four-headed hydra bites you!
* * * LOW HITPOINT WARNING * * *
The four-headed hydra bites you!
You die...

.....................##
.....................#
...#.................####
......................#.##
.........................#
#
.....................#####
......................#...
.....................##P..
.........@D...............
..........................
.....................)....
..........................
.....................#.#..
.P..##.#..................
... ###..................
#......#..#.##.....
.......#≈≈≈≈≈......


You could see a four-headed hydra.

Vanquished Creatures
  Gastronok (D:8)
  Fannar (Lair:1)
  Erica (D:8)
  A two-headed ogre (D:10)
  An ugly thing (D:11)
  A black mamba (Lair:2)
  A cane toad (Lair:2)
  2 komodo dragons (Lair:1)
  4 hippogriffs
  A basilisk (Lair:1)
  21 yaks
  An acid dragon (D:9)
  2 water moccasins
  A porcupine (Lair:2)
  4 orc warriors
  2 ice beasts
  4 sky beasts
  A black bear (D:8)
  2 necrophages
  2 phantoms
  3 ogres (D:5)
  3 crocodiles
  4 centaurs
  2 big kobolds (D:9)
  6 bullfrogs
  4 scorpions
  5 killer bees (D:7)
  3 wights (D:10)
  3 howler monkeys
  A jelly (D:10)
  A crimson imp (D:9)
  2 centaur zombies
  2 hounds
  5 orc priests
  2 bullfrog zombies
  A centaur skeleton (D:7)
  2 gnoll shamans
  6 orc wizards
  Jessica (D:3)
  7 iguanas
  5 worker ants
  A killer bee zombie (D:9)
  A hound skeleton (D:4)
  Robin (D:3)
  16 gnolls
  2 river rats (D:5)
  13 adders
  A shadow imp (D:5)
  A white imp (D:5)
  An ooze (D:6)
  An adder skeleton (D:4)
  4 worms
  2 dart slugs
  6 leopard geckos
  48 orcs
  3 giant cockroaches
  16 goblins
  12 hobgoblins
  10 jackals
  9 quokkas
  5 bats
  8 frilled lizards
  13 kobolds
  A leopard gecko zombie (D:7)
  A quokka skeleton (D:8)
  13 rats
311 creatures vanquished.

Vanquished Creatures (collateral kills)
  A crocodile (Lair:2)
  A bullfrog (Lair:2)
  A quasit (D:9)
3 creatures vanquished.

Vanquished Creatures (others)
  A fungus (D:8)
1 creature vanquished.

Grand Total: 315 creatures vanquished

Notes
Turn   | Place    | Note
-------+----------+-------------------------------------------
     0 | D:1      | pk666 the Deep Elf Hedge Wizard began the quest for the
                  | Orb.
     0 | D:1      | Reached XP level 1. HP: 10/10 MP: 7/7
   245 | D:1      | Reached XP level 2. HP: 15/15 MP: 7/9
   249 | D:1      | Learned a level 2 spell: Blink
   498 | D:1      | You fall into a shaft and drop 1 floor!
   973 | D:1      | Reached skill level 5 in Spellcasting
  1127 | D:2      | Reached XP level 3. HP: 18/19 MP: 5/11
  1372 | D:2      | Learned a level 3 spell: Conjure Flame
  1376 | D:2      | Learned a level 3 spell: Mephitic Cloud
  1379 | D:2      | Learned a level 2 spell: Call Imp
  1440 | D:2      | Found an ancient bone altar of Kikubaaqudgha.
  1593 | D:2      | You fall into a shaft and drop 1 floor!
  2094 | D:3      | Reached XP level 4. HP: 24/24 MP: 8/13
  2148 | D:3      | Noticed Robin
  2170 | D:3      | Killed Robin
  2179 | D:3      | Reached skill level 1 in Air Magic
  2540 | D:3      | Reached skill level 1 in Fire Magic
  2540 | D:3      | Reached skill level 1 in Poison Magic
  2703 | D:3      | Reached XP level 5. HP: 28/28 MP: 12/14
  2907 | D:3      | Found a sparkling altar of Nemelex Xobeh.
  2958 | D:3      | Noticed Jessica
  2963 | D:3      | Killed Jessica
  4507 | D:3      | Reached XP level 6. HP: 32/32 MP: 5/16
  4936 | D:4      | Reached skill level 6 in Spellcasting
  5033 | D:4      | Found a stormy altar of Qazlal.
  5126 | D:4      | Found Micvaepa's Distillery.
  5391 | D:4      | Noticed aaksess's ghost (amateur DsWn)
  5392 | D:4      | Found a transporter.
  5393 | D:4      | Identified the +7 dire flail of Checks and Balances {drain,
                  | Stlth+}
  5421 | D:4      | Bought a potion of curing for 42 gold pieces
  5421 | D:4      | Bought a potion of degeneration for 14 gold pieces
  5421 | D:4      | Bought a potion of heal wounds for 70 gold pieces
  5435 | D:4      | Found an opulent altar of Gozag.
  5675 | D:4      | Found a transporter.
  5829 | D:5      | Entered Level 5 of the Dungeon
  5841 | D:5      | Reached XP level 7. HP: 18/36 MP: 1/19
  6275 | D:5      | Reached skill level 7 in Spellcasting
  6981 | D:5      | Found a shadowy altar of Dithmenos.
  7033 | D:5      | Reached skill level 5 in Conjurations
  7062 | D:5      | Got a tattered robe
  7073 | D:5      | Identified the +2 robe "Keagul Aliwn" {+Fly Str+2 Slay+4}
                  | (You found it on level 5 of the Dungeon)
  7289 | D:5      | Reached XP level 8. HP: 41/41 MP: 13/21
  7351 | D:5      | Found an iron altar of Okawaru.
  8011 | D:6      | Reached skill level 8 in Spellcasting
  8102 | D:6      | Got a warped cloak
  8113 | D:6      | Identified the +0 cloak of Qazlal's Condemnation {rN+ rCorr
                  | Int+6} (You found it on level 6 of the Dungeon)
  8115 | D:6      | Found a staircase to the Ecumenical Temple.
  8141 | Temple   | Entered the Ecumenical Temple
  8520 | D:6      | Found a shattered altar of Ashenzari.
  8578 | D:6      | Found Lidoj's Antique Armour Boutique.
  8720 | D:6      | Reached skill level 5 in Fire Magic
  8920 | D:6      | Reached skill level 5 in Dodging
  9198 | D:6      | Found a basalt altar of Yredelemnul.
  9200 | D:6      | Found a hazy altar of Hepliaklqana.
 10028 | D:7      | Reached skill level 9 in Spellcasting
 10143 | D:7      | Reached XP level 9. HP: 45/45 MP: 17/24
 11031 | D:8      | Noticed Gastronok
 11043 | D:8      | Killed Gastronok
 11043 | D:8      | Reached skill level 10 in Spellcasting
 11043 | D:8      | Reached XP level 10. HP: 34/50 MP: 12/26
 11689 | D:8      | Found a sacrificial altar of Ru.
 11765 | D:8      | Found a staircase to the Lair.
 12322 | D:8      | Noticed Erica
 12354 | D:8      | Killed Erica
 12354 | D:8      | Reached skill level 11 in Spellcasting
 13442 | D:9      | Found a shimmering blue altar of Sif Muna.
 13710 | D:9      | Found a burning altar of Makhleb.
 13736 | D:9      | Found a radiant altar of Vehumet.
 13742 | D:9      | Became a worshipper of Vehumet
 14001 | D:10     | Entered Level 10 of the Dungeon
 14093 | D:10     | Noticed a two-headed ogre
 14703 | D:10     | Reached * piety under Vehumet
 14703 | D:10     | Offered knowledge of Freeze by Vehumet.
 14922 | D:10     | Killed a two-headed ogre
 14922 | D:10     | Reached XP level 11. HP: 54/54 MP: 13/28
 15531 | D:10     | Identified the +12 flail of Inflation {vorpal, MP+9 Str+5}
                  | (You found it on level 10 of the Dungeon)
 16105 | D:10     | Reached skill level 12 in Spellcasting
 16362 | D:11     | Noticed a cyan ugly thing
 16378 | D:11     | Killed a cyan ugly thing
 16378 | D:11     | Reached skill level 10 in Dodging
 16444 | D:11     | Reached ** piety under Vehumet
 16444 | D:11     | Offered knowledge of Sandblast by Vehumet.
 16611 | D:8      | Reached skill level 10 in Conjurations
 16732 | Lair:1   | Entered Level 1 of the Lair of Beasts
 17567 | Lair:1   | Noticed Fannar
 17588 | Lair:1   | Killed Fannar
 17588 | Lair:1   | Reached skill level 10 in Fire Magic
 18330 | Lair:2   | Reached skill level 13 in Spellcasting
 18350 | Lair:2   | Noticed a four-headed hydra
 18396 | Lair:2   | Slain by a four-headed hydra

Illustrated notes

Levels and vault maps discovered:
D:1:      erik_arrival_triangle_small, layout_loops_cross
D:2:      layout_basic, kiku_gazebo_garden_becter, wad_floor_pattern_2
D:3:      layout_basic, nemelex_altar_shiori, grunt_decor_cap, uniq_jessica,
          uniq_robin
D:4:      layout_rooms, nicolae_qazlal_general_emergency, lemuel_crystal_altar,
          gammafunk_ghost_smash, serial_shops, shop,
          chequers_serial_rivers_micro_c
D:5:      layout_loops_cross, kennysheep_mini, gup_sewer_entry_bowl,
          supply_closet_lemuel, kennysheep_okawaru_gauntlet
D:6:      layout_loops_ring, nicolae_overflow_hidden_temple, temple_hall,
          serial_shops, shop, minivault_24, nicolae_ashenzari_panopticon
D:7:      layout_rooms
D:8:      layout_loops_ring, hangedman_ru_absence, david_lair_generic,
          uniq_erica, uniq_gastronok
D:9:      layout_irregular_city, grunt_temple_overflow_lords_of_destruction,
          kennysheep_mini_moat, minmay_fractal_squares_gapless_7
D:10:     layout_roguey, minivault_26
D:11:     layout_basic, enter_trove_2, uniq_josephine
Temple:   minmay_temple_curvy_loop
Lair:1:   layout_long_grid, lemuel_fruit_tree, uniq_fannar
Lair:2:   layout_gridlike, minmay_swamp_entry_worms, special_room
          [special_room_bee]

Skill      XL: |  1  2  3  4  5  6  7  8  9 10 11 |
---------------+----------------------------------+-----
Conjurations   | 2 3 4 5 6 8 9 10 | 10.6
Spellcasting   | 5 6 7 9 10 11 13 | 13.0
Translocations | 2 |  2.0
Air Magic      | 1 2 |  2.0
Fire Magic     | 1 3 4 5 7 9 10 | 10.3
Poison Magic   | 1 2 |  2.0
Summonings     | 2 |  2.0
Dodging        | 3 5 7 9 10 | 10.8
Stealth        | |  2.4

Action                   |  1- 3 |  4- 6 |  7- 9 | 10-12 || total
-------------------------+-------+-------+-------+-------++-------
Melee: Dagger            |     9 |     7 |       |     4 ||    20
       Flail             |       |       |       |    52 ||    52
 Cast: Magic Dart        |   123 |   240 |   330 |   559 ||  1252
       Mephitic Cloud    |       |     8 |    18 |    50 ||    76
       Blink             |       |     5 |     3 |    11 ||    19
       Conjure Flame     |       |     2 |    23 |    39 ||    64
       Call Imp          |       |       |       |    16 ||    16
  Use: Scroll            |     2 |     2 |     3 |     3 ||    10
       Potion            |       |       |       |     3 ||     3
 Stab: Sleeping          |       |       |       |     1 ||     1
       Confused          |       |       |       |     5 ||     5
Armor: Robe              |     3 |    12 |    11 |    39 ||    65
Dodge: Dodged            |    40 |    60 |    31 |   147 ||   278

Table legend: (Time is in decaauts)
 A = Elapsed time spent in this place.
 B = Non-inter-level travel time spent in this place.
 C = Inter-level travel time spent in this place.
 D = Time resting spent in this place.
 E = Time spent auto-exploring this place.
 F = Levels seen in this place.
 G = Mean time per level.
                   A        B        C        D        E       F      G
               +--------+--------+--------+--------+--------+-----+--------+
         Total |  18462 |  17852 |    610 |   7130 |   7921 |  14 | 1318.7 |
       Dungeon |  16580 |  16034 |    546 |   6512 |   7082 |  11 | 1507.3 |
        Temple |    205 |    183 |     22 |      0 |    182 |   1 |  205.0 |
          Lair |   1676 |   1634 |     42 |    618 |    657 |   2 |  838.0 |
               +--------+--------+--------+--------+--------+-----+--------+

Top non-repeatable levels by time:
     D:3: 2523 daAuts
    D:10: 2175 daAuts
     D:5: 1982 daAuts
     D:8: 1929 daAuts
     D:6: 1699 daAuts
     D:9: 1560 daAuts
  Lair:1: 1425 daAuts
     D:2: 1191 daAuts
     D:4: 1129 daAuts
     D:7: 1097 daAuts
     D:1: 987 daAuts
    D:11: 303 daAuts
  Lair:2: 251 daAuts
  Temple: 205 daAuts
